woodfighter, chaotic female elven Priestess ------- ------- ......| |..<...#####%@oo o ............?.| ...(..| ......| -.-+-.- | ------------- # ### |.........`..# ###### |...........| ### |..#.........########### ------------- . | .. . .... ..... ..... ... | ---- woodfighter the Acolyte Experience level: 4 Strength: 11 Dexterity: 11 Constitution: 15 Intelligence: 16 Wisdom: 13 Charisma: 11 Health: 0(28) Energy: 39(39) Def: 4 Gold: 506 Moves: 1768 Dungeon seed: gOi7uUHBbwatWRQJ Game ID: woodfighter_1490197601 Your Inventory: Coins $ - 506 gold pieces Weapons a - a blessed +1 mace (weapon in hand) Armor e - a +0 robe (being worn) n - a +0 small shield (being worn) q - a +0 orcish helm (being worn) Comestibles r - 4 tripe rations w - 2 sprigs of wolfsbane x - a lichen corpse Scrolls o - a scroll of scare monster p - a scroll of remove curse Spellbooks g - a spellbook of detect monsters h - a spellbook of cure sickness i - a spellbook of light l - a spellbook of polymorph Potions b - 4 potions of holy water k - a cursed potion of object detection s - a blessed potion of confusion z - a potion of levitation Rings t - a ring of conflict u - a cursed -1 ring of protection v - a ring of levitation Wands f - a wand of cancellation (0:1) Tools j - a leather drum Spells and supernatural/magical abilities: Name Level Category Fail Memory l - light 1 divination 0% 92% n - detect monsters 1 divination 0% 92% K - cure sickness 3 healing 94% 92% W - pray for help -- divine ? -- X - turn undead -- divine ? -- Your skills at the end: Miscellaneous Skills shield [Basic] wands [Basic] Weapon Skills mace [Basic] Spellcasting Skills clerical spells [Basic] Final Attributes: You were piously aligned. You were sleep resistant. You had infravision. You were very stealthy. You aggravated monsters. You are dead. Vanquished creatures: a kitten an iguana a hill orc a giant bat a dwarf zombie 2 hobbits an acid blob a gecko 2 cave spiders a yellow mold a green mold 4 jackals a fox a kobold 6 newts a goblin 5 grid bugs 3 bats 3 lichens 37 creatures vanquished. Voluntary challenges: You were not invisible. You did not have reflection. You were not displaced. You used a wielded weapon 41 times, starting on turn 100. You did not use tools. You did not use plumbed fixtures. You did not drink any magical draughts. You were illiterate. You never genocided any monsters. You never polymorphed an object. You never changed form. You used no wishes. You never split a pudding. You never wrote Elbereth's name. You never violated your personal moral code. Dungeon overview: The Dungeons of Doom: levels 1 to 5 Level 1 a fountain, a sink a long staircase Level 2 Level 3 Level 4 (locked box) stairs to The Gnomish Mines Level 5 <- You were here a sink The Gnomish Mines: Level 5 stairs to The Dungeons of Doom History has recorded: On T:1 you entered the Dungeons of Doom to retrieve the Amulet of Yendor! On T:15 you reached level 2 of The Dungeons of Doom. On T:499 you advanced to experience level 2. On T:621 you reached level 3 of The Dungeons of Doom. On T:849 you advanced to experience level 3. On T:1083 you reached level 4 of The Dungeons of Doom. On T:1319 you prayed to Anhur. On T:1576 you reached level 1 of The Gnomish Mines. On T:1599 you advanced to experience level 4. On T:1612 you reached level 5 of The Dungeons of Doom. Score breakdown: Gold: 506 ( 50 points) Experience: 4 levels ( 300 points) Exploration: 5 levels ( 120 points) Discoveries: 11 items ( 550 points) Variety of kills: 19 monsters ( 950 points) Major goal: (nothing yet) ( 0 points) Survival: died (score multiplied by 3) Total score: 5910 Latest messages: You sense the presence of monsters. You stop exploring. You kill the bat! You stop exploring. You hit the yellow mold. You stagger... You hear the splashing of a naiad. You feel a bit steadier now. You kill the yellow mold! The hill orc zaps a forked wand! You stop exploring. The wand hits the hill orc! The hill orc zaps a wand of striking! The wand hits the hill orc! The hill orc is killed! The hill orc zaps a wand of striking! The wand hits you! The hill orc zaps a wand of striking! The wand hits you! The hill orc zaps a wand of striking! The wand hits you. There are a few objects here. The hill orc zaps a wand of striking! The wand hits you! You die... Final status: Goodbye woodfighter the Priestess, killed by a force bolt... You died in The Dungeons of Doom on dungeon level 5 with 5910 points, and 506 pieces of gold, after 1768 moves. You were level 4 with a maximum of 28 hit points when you died.